 Dungeon Crawl Stone Soup version 0.26.1-11-gd32895ea62 (webtiles) character file.

Game seed: 10478885062812607574

39 Zeld the Firebug (level 3, -2/19 HPs)
             Began as a Deep Elf Fire Elementalist on May 26, 2021.
             Slain by an adder (5 damage)
             ... on level 2 of the Dungeon.
             The game lasted 00:08:00 (3531 turns).

Zeld the Firebug (Deep Elf Fire Elementalist)       Turns: 3531, Time: 00:08:01

Health: -2/19      AC:  3    Str:  5    XL:     3   Next: 26%
Magic:  1/10       EV: 13    Int: 20    God:
Gold:   97         SH:  0    Dex: 15    Spells: 5/9 levels left

rFire    . . .     SeeInvis .   (no weapon)
rCold    . . .     Faith    .   (no shield)
rNeg     . . .     Spirit   .   a - +0 robe
rPois    .         Reflect  .   (no helmet)
rElec    .         Harm     .   e - +0 cloak
rCorr    .         Rampage  .   (no gloves)
Will     .....                  (no boots)
Stlth    ++........             (no amulet)
HPRegen  0.06/turn              (no ring)
MPRegen  0.12/turn              (no ring)

@: no status effects
A: no striking features
a: no special abilities


You were on level 2 of the Dungeon.
You visited 1 branch of the dungeon, and saw 2 of its levels.

You collected 97 gold pieces.

Inventory:

Armour
 a - a +0 robe (worn)
 e - a +0 cloak (worn)
Jewellery
 i - an uncursed amulet of regeneration {unknown}
 k - a cursed amulet of inaccuracy {unknown}
Scrolls
 c - 3 scrolls of identify {unknown}
 d - 2 scrolls of teleportation {unknown}
 f - 2 scrolls of remove curse {unknown}
 h - a scroll of enchant weapon {unknown}
 j - a scroll of magic mapping {unknown}
Potions
 b - a potion of attraction {unknown}
 g - 2 potions of lignification {unknown}


   Skills:
 + Level 2.9 Dodging
 - Level 2.4 Stealth
 * Level 3.7 Spellcasting
 - Level 1.5 Conjurations
 * Level 4.0 Fire Magic


You had 5 spell levels left.
You knew the following spells:

 Your Spells              Type           Power        Failure   Level
a - Foxfire               Conj/Fire      56%          4%          1
b - Conjure Flame         Conj/Fire      14%          13%         3

Your spell library contained the following spells:

 Spells                   Type           Power        Failure   Level
 Inner Flame              Hex/Fire       11%          17%         3
 Sticky Flame             Conj/Fire      14%          38%         4
 Fireball                 Conj/Fire      7%           75%         5


Dungeon Overview and Level Annotations

Branches:
Dungeon (2/15)

Altars:
Okawaru


Message History

The adder barely misses you. The adder closely misses you.
Casting: Conjure Flame (extremely dangerous; 13% risk of failure)
Confirm with . or Enter, or press ? or * to list all spells.
The spell is extremely dangerous to cast (13% risk of failure)!
Continue anyway? [Y]es or [N]o only, please.
The spell is extremely dangerous to cast (13% risk of failure)!
Continue anyway?
The fire begins to smolder!
You feel sick.
You are no longer poisoned.
The adder closely misses you. The adder closely misses you.
The adder smothers the flame.
You barely miss the adder.
The adder is almost dead.
The adder misses you. The adder closely misses you.
You barely miss the adder.
The adder is almost dead.
The adder bites you.
* * * LOW HITPOINT WARNING * * *
The adder bites you but does no damage. The adder bites you.
You die...

# ####.#### # #†# #
#.# .. #.# .. #.# .
#.# . ######### #.#
..
........#########.#
..
#.....S@........# .
#.###S########### .
#.# # #b# #.# #.#
#.# #w# #.#


You could see 2 adders.

Vanquished Creatures
  A worm (D:2)
  3 dart slugs
  A leopard gecko (D:2)
  6 bats
  A giant cockroach (D:1)
  3 hobgoblins
  2 jackals (D:2)
  A quokka (D:2)
  A ball python (D:1)
  2 frilled lizards (D:1)
  A goblin (D:2)
  5 kobolds
  2 rats
29 creatures vanquished.

Vanquished Creatures (others)
  100 foxfires
100 creatures vanquished.

Grand Total: 129 creatures vanquished

Notes
Turn   | Place    | Note
-------+----------+-------------------------------------------
     0 | D:1      | Zeld the Deep Elf Fire Elementalist began the quest for the
                  | Orb.
     0 | D:1      | Reached XP level 1. HP: 10/10 MP: 6/6
   734 | D:1      | Reached XP level 2. HP: 15/15 MP: 6/8
  2337 | D:2      | Reached XP level 3. HP: 19/19 MP: 5/10
  2341 | D:2      | Learned a level 3 spell: Conjure Flame
  3024 | D:2      | Found an iron altar of Okawaru.
  3030 | D:2      | Reached skill level 4 in Fire Magic
  3531 | D:2      | Slain by an adder

Illustrated notes

Levels and vault maps discovered:
D:1:      scummos_arrival_simple_fountains, layout_basic
D:2:      layout_loops_ring, okawaru_metal_pillars_3, kennysheep_generic_room_5

Skill      XL: |  1  2  3 |
---------------+----------+-----
Fire Magic     | 4 |  4.0
Dodging        | |  2.9
Stealth        | |  2.4
Spellcasting   | |  3.7
Conjurations   | |  1.5

Action                   || total
-------------------------++-------
Melee: Unarmed           ||     3
 Cast: Foxfire           ||    63
       Conjure Flame     ||     5
Armor: Robe              ||     5
Dodge: Dodged            ||    34
